 Dungeon Crawl Stone Soup version 0.15.2 (webtiles) character file.

33 araganzar the Charmwright (level 3, -5/28 HPs)
             Began as a Demonspawn Skald on Jan 6, 2015.
             Slain by a gnoll
             ... wielding a +0 spear
              (7 damage)
             ... on Level 2 of the Dungeon.
             The game lasted 00:04:17 (1424 turns).

araganzar the Charmwright (Demonspawn Skald)        Turns: 1424, Time: 00:04:17

HP  -5/28        AC  4     Str 12      XL: 3   Next: 12%
MP   3/6         EV 10     Int 14      God:
Gold 88          SH  0     Dex 12      Spells:  3 memorised,  2 levels left

rFire  . . .     SeeInvis .     a - +0 spear
rCold  . . .     Clarity  .     b - +0 leather armour
rNeg   . . .     rCorr    .     (no shield)
rPois  .         rRot     .     (helmet restricted)
rElec  .         Spirit   .     m - +0 cloak
SustAb .         Warding  .     (no gloves)
rMut   .         Stasis   .     (no boots)
Gourm  .                        (no amulet)
MR     .....                    (no ring)
                                (no ring)

@: singing, not resistant to hostile enchantments, unstealthy
A: horns 1, nightstalker 1
a: Stop Singing


You were on level 2 of the Dungeon.
You were not hungry.

You visited 1 branch of the dungeon, and saw 2 of its levels.

You collected 88 gold pieces.


Innate Abilities, Weirdness & Mutations

You have a pair of small horns on your head.
You are slightly more attuned to the shadows.


   Skills:
 - Level 2.5 Fighting
 * Level 1.7 Polearms
 - Level 0.8 Armour
 - Level 1.1 Dodging
 + Level 2.5 Spellcasting
 - Level 3.0 Charms


You had 2 spell levels left.
You knew the following spells:

 Your Spells              Type           Power        Failure   Level  Hunger
a - Infusion              Chrm           ##....       10%         1    #......
b - Shroud of Golubria    Chrm/Tloc      #.........   21%         2    ##.....
c - Song of Slaying       Chrm           ##......     12%         2    ##.....


Dungeon Overview and Level Annotations

Branches:
Dungeon (2/15)

Altars:

Inventory:

Hand weapons
 a - a +0 spear (weapon)
 k - a cursed +0 mace
   (You found it on level 1 of the Dungeon)
Missiles
 g - 2 javelins of returning (quivered)
Armour
 b - a +0 leather armour (worn)
 m - a +0 cloak (worn)
   (You found it on level 1 of the Dungeon)
Comestibles
 d - 3 bread rations
 l - a slice of pizza
 p - 2 chunks of hobgoblin flesh {@*1}
 r - a beef jerky
Scrolls
 e - a scroll of amnesia {unknown}
 f - 2 scrolls of identify {unknown}
 n - a scroll of enchant weapon {unknown}
 o - a scroll of teleportation {unknown}
 q - a scroll of noise {unknown}
Potions
 i - a potion of might
 j - a potion of restore abilities {unknown}
Books
 c - a book of Battle

   Spells                             Type                      Level
   *Infusion                          Charms                       1
   *Shroud of Golubria                Charms/Translocation         2
   *Song of Slaying                   Charms                       2
   Spectral Weapon                    Hexes/Charms                 3
   Regeneration                       Charms/Necromancy            3

..#.# .##.# .##.# . .##.######
.# .##.. ...## .#g# ##... ...
.#g ...# #.# ..
########.############## .#
#####...........@gg.g.######.#.#
.........############..........#
#####.#### ########..... #####.#
##### ......# #######


You could see 3 gnolls.


Message History

Things that are here:
a club; a hobgoblin corpse
Things that are here:
a club; a hobgoblin corpse You finish butchering the hobgoblin corpse.
p - 2 chunks of hobgoblin flesh {@*1} You see here a club.
You start resting.
Eating a chunk of bat flesh {@*1}.
HP restored.
Found a scroll labeled QEKHLA TAZULUC.
No target in view!
No target in view!
o - a scroll labeled QEKHLA TAZULUC
Found 2 gold pieces.
You now have 78 gold pieces (gained 2).
There is a stone staircase leading down here.
Found a scroll labeled KLUSHR VICWOIXT.
Okay, then.
Found a beef jerky.
q - a scroll labeled KLUSHR VICWOIXT
Found 10 gold pieces.
r - a beef jerky You now have 88 gold pieces (gained 10). 2 gnolls come into view.
The gnoll shouts!
A gnoll comes into view. It is wielding a flail.
There are monsters nearby!
Sorry, you're not good enough to have a special ability.
There isn't anything here!
Casting: Song of Slaying You start singing a song of slaying.
The gnoll hits you with a whip.
Casting: Song of Slaying Space distorts slightly along a thin shroud covering your body.
The gnoll closely misses you.
You hit the gnoll.
You headbutt the gnoll, but do no damage.
The gnoll is lightly wounded.
The gnoll hits you but does no damage.
The gnoll hits you from afar with a spear.
You closely miss the gnoll.
The gnoll is lightly wounded.
The gnoll misses you.
The gnoll hits you from afar with a spear.
Your shroud falls apart!
Unknown command.
You hit the gnoll but do no damage.
The gnoll is lightly wounded.
The gnoll hits you with a whip. The gnoll misses you.
Unknown command.
You hit the gnoll but do no damage.
The gnoll is lightly wounded.
The gnoll closely misses you.
The gnoll hits you from afar with a spear.
* * * LOW HITPOINT WARNING * * *
Drink which item? (? for menu, Esc to quit)
You feel very mighty all of a sudden.
It was a potion of might.
The gnoll closely misses you. The gnoll hits you with a whip!
* * * LOW HITPOINT WARNING * * *
Unknown command.
Unknown command.
Unknown command.
Drink which item? (? for menu, Esc to quit)
Your magical effects are unravelling.
You feel magically purged.
It was a potion of cancellation.
You feel a little less mighty now. The gnoll barely misses you.
The gnoll hits you from afar with a spear!
You die...

Action                   || total
-------------------------++-------
Melee: Spear             ||   115
 Cast: Infusion          ||     2
       Song of Slaying   ||     3
       Shroud of Golubri ||     2
  Use: Potion            ||     2
 Stab: Sleeping          ||     1
  Eat: Chunk             ||     2

Vault maps used:
D:1:      minmay_arrival_wavy_path
D:2:      first_bread, uniq_jessica

Notes
Turn   | Place    | Note
--------------------------------------------------------------
     0 | D:1      | araganzar, the Demonspawn Skald, began the quest for the Orb.
     0 | D:1      | Reached XP level 1. HP: 16/16 MP: 3/3
    87 | D:1      | Reached skill level 1 in Dodging
   531 | D:1      | Gained mutation: You have a pair of small horns on your head. [demonic ancestry]
   531 | D:1      | Reached XP level 2. HP: 22/22 MP: 5/5
   535 | D:1      | Learned a level 2 spell: Shroud of Golubria
   538 | D:1      | Learned a level 2 spell: Song of Slaying
  1096 | D:2      | Gained mutation: You are slightly more attuned to the shadows. [demonic ancestry]
  1096 | D:2      | Reached XP level 3. HP: 26/28 MP: 1/6
  1206 | D:2      | Reached skill level 3 in Charms
  1423 | D:2      | HP: 2/28 [gnoll/whip (10)]
  1424 | D:2      | Slain by a gnoll

Vanquished Creatures
  A worm (D:1)
  An ooze (D:2)
  3 bats
  3 hobgoblins
  6 kobolds
  A giant cockroach (D:1)
  2 giant newts (D:1)
  5 goblins
  5 rats
27 creatures vanquished.
